Description

An alternative way to do Double Raven 3CC TvT. This way you can make an early cyclone to help you defend against early agressions and you make faster 2nd and 3rd Barracks than usual.

Replay - aLive v TYTY: Game 1 - 어비설 리프 - 래더

Build Order

Get SALT Encoding   

  14  0:18  Supply Depot  
  15  0:29  Refinery  1st
  16  0:44  Barracks  
  19  1:31  Orbital Command  
  19  1:32  Reaper  
  20  1:45  Command Center  
  20  1:58  Factory  
  21  2:06  Barracks Reactor  
  21  2:13  Supply Depot  
  22  2:17  Refinery  2nd
  24  2:44  Cyclone  
  24  2:45  Marine x2  Keep doing it
  30  2:57  Orbital Command  
  30  3:03  Starport  
  32  3:17  Factory Tech Lab  
  36  3:36  Siege Tank  1st
  41  3:47  Viking  
  44  3:49  Supply Depot  
  47  4:17  Action  Swap starport into tech lab (Factory)
  48  4:22  Factory Tech Lab  
  50  4:24  Raven  1st
  50  4:27  Command Center  
  50  4:28  Supply Depot  
  53  4:38  Refinery x2  3rd, 4th
  54  4:41  Supply Depot  
  54  4:49  Siege Tank  2nd
  65  5:18  Raven  
  67  5:25  Barracks x2  
  69  5:30  Siege Tank  3rd
  74  5:41  Orbital Command  
  61  6:02  Siege Tank  4th
  69  6:24  Barracks Tech Lab  
  67  6:28  Starport Reactor  
  67  6:30  Stimpack  
  67  6:31  Orbital Command  
  70  6:34  Siege Tank  
  70  6:35  Engineering Bay x2  
  75  6:45  Combat Shields  
  80  6:57  Barracks x2  
  83  7:03  Terran Infantry Armor Level 1, Terran Infantry Weapons Level 1  
  91  7:18  Refinery  5th
Spawning Tool Build Advisor. Get it on Overwolf

Go to:

Details

  • Created by: cristianso
  • Published on: Aug 07, 2017
  • Modified on: Aug 09, 2017
  • Patch: 3.8.0
Show
View Real Time Build Order
Export as new Build Order

Comments (2)

On Aug. 9, 2017, 10:50 p.m., cristianso  said:

Hello, PowerOfOne! You are right, it repeats twice because the Spwaningtool's algorithm can't read the Starport swap into tech lab from Factory. You make tech lab twice because one if for startpot and the other one if for the factory.

On Aug. 8, 2017, 12:14 p.m., PowerOfOne  said:

This build is very defensive and greedy, I like it. Just one detail, I believe the build order repeats twice "Factory Tech Lab", the second one should be "Starport Tech Lab", shouldn't it? Great job, nonetheless!

Create an account to comment!